 Dungeon Crawl Stone Soup version 0.21-a0-286-g6fcecc0 (webtiles) character file.

55494 OuttaMalibu the Brawler (level 14, -2/216 HPs)
             Began as a Troll Monk on Sept 24, 2017.
             Was the Champion of Okawaru.
             Killed by divine providence
             ... invoked by an orc priest
              (13 damage)
             ... on level 2 of the Orcish Mines on Sept 25, 2017.
             The game lasted 00:33:07 (16394 turns).

OuttaMalibu the Brawler (Troll Monk)               Turns: 16394, Time: 00:33:08

Health: -2/216     AC: 23    Str: 31    XL:     14   Next: 38%
Magic:  0/16       EV:  8    Int:  6    God:    Okawaru [******]
Gold:   1613       SH: 13    Dex: 17    Spells: 13/13 levels left

rFire    . . .     SeeInvis .     - Unarmed
rCold    . . .     Gourm    +   N - +0 shield
rNeg     . . .     Faith    .   V - +1 storm dragon scales of Dim Light {+Inv rElec rCorr}
rPois    .         Spirit   +   w - +2 hat
rElec    +         Reflect  .   D - scarf {Spirit}
rCorr    +         Harm     .   (gloves unavailable)
MR       +....                  (boots unavailable)
Stlth    ..........             W - amulet of guardian spirit
HPRegen  0.86/turn              d - +3 ring of dexterity
MPRegen  0.15/turn              o - +4 ring of protection

@: berserking, slowed, drained
A: unfitting armour, claws 3, slimy green scales 1, thin skeletal structure 1,
fast metabolism 3, gourmand, regeneration 1, shaggy fur 1, tough skin 2
a: Heroism, Finesse, Renounce Religion, Evoke Invisibility


You were on level 2 of the Orcish Mines.
You worshipped Okawaru.
Okawaru was exalted by your worship.
You were not hungry.

You visited 4 branches of the dungeon, and saw 20 of its levels.
You also visited: Ice Cave and Volcano.

You collected 1613 gold pieces.

Inventory:

Hand Weapons
 Q - the +4 longbow of the Hierophant {speed, MR- Int+2 Dex+4}
   (Okawaru gifted it to you on level 3 of the Lair of Beasts)

   Attacks with this weapon are significantly faster.
   It affects your intelligence (+2).
   It affects your dexterity (+4).
   It affects your resistance to hostile enchantments.
Missiles
 k - 354 stones (quivered)
Armour
 a - a +1 robe
 w - a +2 hat (worn)
 D - a scarf of spirit shield (worn)
 G - a +0 troll leather armour
 N - a +0 shield (worn)
 V - the +1 storm dragon scales of Dim Light (worn) {+Inv rElec rCorr}
   (Okawaru gifted it to you on level 6 of the Lair of Beasts)

   It insulates you from electricity.
   It lets you turn invisible.
   It protects you from acid and corrosion.
 Z - a +1 hat of intelligence
Jewellery
 d - a +3 ring of dexterity (left claw)
 f - the ring of Geykkarch {Ice +Fly rElec rPois}
   (You found it on level 6 of the Lair of Beasts)

   [ring of ice]

   It enhances your ice magic.
   It makes you vulnerable to fire.
   It protects you from cold.
   It insulates you from electricity.
   It protects you from poison.
   It lets you fly.
 o - a +4 ring of protection (right claw)
 K - an uncursed ring of resist corrosion
 W - an amulet of guardian spirit (around neck)
Wands
 j - a wand of digging (24/24)
 l - a wand of lightning (1/15)
 t - a wand of random effects (35/48)
 v - a wand of polymorph (4/24)
 z - a wand of iceblast (7/15)
 F - a wand of digging (6/24)
 M - a wand of lightning (7/15)
 O - a wand of acid (10/15)
Scrolls
 q - 12 scrolls of teleportation
 s - 3 scrolls of remove curse
 x - 4 scrolls of amnesia
 y - 3 scrolls of fog
 B - a scroll of enchant weapon
 E - a scroll of recharging
 S - a scroll of brand weapon
 U - 2 scrolls of blinking
Potions
 e - a potion of resistance
 g - 2 potions of haste
 h - a potion of cancellation
 i - 8 potions of lignification
 m - 2 potions of mutation
 n - a potion of flight
 H - a potion of invisibility
 I - 2 potions of berserk rage
 J - a potion of agility {unknown}
 L - a potion of magic
 P - a potion of ambrosia {unknown}
 T - 2 potions of might {unknown}
Comestibles
 b - 11 bread rations
 c - 12 meat rations
 p - 8 royal jellies
 C - 27 fruits


   Skills:
 + Level 10.6(10.5) Fighting
 + Level 4.4(4.3) Armour
 - Level 2.4(2.2) Dodging
 - Level 1.0(0.9) Stealth
 - Level 9.9(9.7) Shields
 * Level 16.8(16.6) Unarmed Combat
 - Level 5.0(4.9) Invocations


You had 13 spell levels left.
You didn't know any spells.

Dungeon Overview and Level Annotations

Branches:
Dungeon (11/15)            Temple (1/1) D:4            Lair (6/6) D:9
  Swamp (0/4) Lair:2        Snake (0/4) Lair:2        Slime (0/5) Lair:6
    Orc (2/2) D:9
    Elf: Orc:2

Altars:
Ashenzari
Cheibriados
Dithmenos
Elyvilon
Fedhas
Gozag
Hepliaklqana
Kikubaaqudgha
Makhleb
Nemelex Xobeh
Okawaru
Qazlal
Ru
Sif Muna
Trog
Uskayaw
Vehumet
Wu Jian
Xom
Yredelemnul
Zin
The Shining One
Beogh
Jiyva

Shops:
D:4 }   D:7 }   D:9 }   Orc:1 [   Orc:2 (

Annotations:
Orc:2 Sonja


Innate Abilities, Weirdness & Mutations

You are too large for most types of armour.
You have claws for hands.
Your metabolism is lightning-fast.
You like to eat raw meat.
Your natural rate of healing is unusually fast.
You are covered in fur. (AC +1)
You have very tough skin. (AC +2)
You are partially covered in slimy green scales. (AC +2)
You have a somewhat thin skeletal structure. (Dex +2, Stealth)


Message History

You mangle the troll!!
You kill the troll!
Okawaru accepts your kill.
The troll leather armour is intact enough to wear.
The orc priest calls down the wrath of Beogh upon you.
Beogh smites you!
* * * LOW HITPOINT WARNING * * *
Unknown command.
You claw the orc warrior!
The orc warrior is severely wounded.
The orc warrior completely misses you.
Unknown command.
You mangle the orc warrior!!
You kill the orc warrior!
Okawaru accepts your kill.
You claw the orc!
You kill the orc!
The orc priest invokes the aid of Beogh against you.
Beogh smites you!
You die...

# ##########
.##.#.#.##.###
.......(.....##
...$#.#.(....o#####
...†.#......oo.)@.#
......#.)...#O#####
............###
.........#...#
.....#..###..#
..............#
.............##
.o....o...# ##


You could see an ogre, an orc priest and 2 orcs.

Vanquished Creatures
  An orc warlord (Orc:2)
  6 dire elephants (Lair:6)
  A red draconian (Volcano)
  2 hydras
  A catoblepas (Lair:3)
  An anaconda (Lair:6)
  A centaur warrior (Volcano)
  9 death yaks
  Urug (Lair:5)
  4 orc high priests
  An orc knight (Orc:1)
  2 ugly things (IceCv)
  5 orc sorcerers (Orc:2)
  Maurice (D:10)
  Joseph (D:9)
  10 elephants
  A gargoyle (D:10)
  3 ice statues (IceCv)
  6 spiny frogs
  A torpor snail (Lair:3)
  2 rime drakes
  5 komodo dragons
  2 yaktaurs (Volcano)
  4 trolls
  9 blink frogs
  A tyrant leech (Lair:2)
  13 dream sheep (Lair:6)
  12 hippogriffs
  A spriggan (D:7)
  26 yaks
  2 wyverns (D:10)
  Eustachio (D:5)
  3 basilisks
  A hungry ghost (D:9)
  Menkaure (D:6)
  3 nagas (Lair:2)
  6 wargs
  Edmund (D:6)
  13 water moccasins
  Duvessa (D:6)
  10 porcupines
  A black bear (D:10)
  16 orc warriors
  A phantom (D:7)
  9 ice beasts
  3 wolves (Lair:3)
  A sky beast (D:10)
  4 ogres
  7 centaurs
  9 crocodiles
  4 big kobolds
  7 bullfrogs
  Dowan (D:6)
  A wyvern skeleton (D:9)
  A scorpion (D:8)
  16 killer bees
  An electric eel (Lair:5)
  6 crimson imps
  14 orc wizards
  A centaur zombie (D:8)
  A jelly (D:9)
  3 hounds
  A centaur skeleton (D:4)
  17 orc priests
  An iguana (D:7)
  6 worker ants
  A howler monkey zombie (D:7)
  7 gnolls
  8 adders
  A shadow imp (D:9)
  12 white imps (Lair:4)
  2 adder skeletons
  6 worms
  2 dart slugs
  3 leopard geckos
  63 orcs
  4 giant cockroaches
  6 goblins
  5 hobgoblins
  33 kobolds
  5 quokkas
  A ball python (D:2)
  7 bats
  5 frilled lizards
  A quokka skeleton (D:5)
  6 rats
  A fungus (Lair:6)
  2 plants (Lair:6)
488 creatures vanquished.

Vanquished Creatures (others)
  An unseen horror (D:11)
  A wizard (D:3)
  2 trolls
  A water moccasin (D:11)
  An ice beast (D:11)
  An orc warrior (D:11)
  A centaur (D:11)
  An orc wizard (D:11)
  An orc (Orc:2)
  22 fungi
  3 plants (Lair:6)
35 creatures vanquished.

Grand Total: 523 creatures vanquished

Notes
Turn   | Place    | Note
-------+----------+-------------------------------------------
     0 | D:1      | OuttaMalibu the Troll Monk began the quest for the Orb.
     0 | D:1      | Reached XP level 1. HP: 22/22 MP: 0/0
   455 | D:2      | Reached XP level 2. HP: 29/29 MP: 1/1
   529 | D:2      | Reached XP level 3. HP: 36/36 MP: 2/2
   543 | D:2      | Found a burning altar of Makhleb.
   550 | D:2      | Found a radiant altar of Vehumet.
   557 | D:2      | Reached skill level 4 in Unarmed Combat
  1014 | D:2      | Found a glowing silver altar of Zin.
  1114 | D:3      | Found an ornate altar of the Wu Jian Council.
  1196 | D:3      | Reached XP level 4. HP: 40/45 MP: 3/3
  1487 | D:3      | Reached skill level 5 in Unarmed Combat
  1488 | D:3      | Found a bloodstained altar of Trog.
  1491 | D:3      | Reached XP level 5. HP: 39/53 MP: 4/4
  1544 | D:3      | Noticed a wizard
  1549 | D:3      | Killed a wizard
  2431 | D:4      | Noticed a centaur
  2436 | D:4      | Killed a centaur
  2436 | D:4      | Reached skill level 6 in Unarmed Combat
  2436 | D:4      | Reached XP level 6. HP: 59/62 MP: 5/5
  2480 | D:4      | Found Ucono's Gadget Shoppe.
  2508 | D:4      | Found a staircase to the Ecumenical Temple.
  2553 | Temple   | Entered the Ecumenical Temple
  2822 | Temple   | Became a worshipper of Warmaster Okawaru
  2822 | Temple   | Reached * piety under Okawaru
  2822 | Temple   | Reached ** piety under Okawaru
  3097 | D:5      | Entered Level 5 of the Dungeon
  3180 | D:5      | Noticed Eustachio
  3192 | D:5      | Killed Eustachio
  3192 | D:5      | Reached XP level 7. HP: 64/70 MP: 3/6
  3255 | D:5      | Reached skill level 7 in Unarmed Combat
  3498 | D:5      | Gained mutation: You have a somewhat thin skeletal structure. (Dex +2, Stealth) [potion of mutation]
  3498 | D:5      | Gained mutation: You are partially covered in slimy green scales. (AC +2) [potion of mutation]
  3544 | D:6      | Noticed Edmund
  3550 | D:6      | Killed Edmund
  3550 | D:6      | Reached skill level 1 in Invocations
  3762 | D:6      | Noticed Duvessa
  3762 | D:6      | Noticed Dowan
  3773 | D:6      | Killed Duvessa
  3776 | D:6      | Killed Dowan
  3776 | D:6      | Reached skill level 5 in Fighting
  3776 | D:6      | Reached XP level 8. HP: 49/80 MP: 5/8
  3902 | D:6      | Reached skill level 8 in Unarmed Combat
  4030 | D:6      | Noticed Menkaure
  4042 | D:6      | Killed Menkaure
  4342 | D:7      | Reached *** piety under Okawaru
  4439 | D:7      | Found a bloodstained altar of Trog.
  4439 | D:7      | Found an opulent altar of Gozag.
  4456 | D:7      | Found Iruelosmil's Gadget Shop.
  4729 | D:7      | Reached skill level 9 in Unarmed Combat
  4784 | D:7      | Reached XP level 9. HP: 89/89 MP: 7/10
  5837 | D:8      | Found a snail-covered altar of Cheibriados.
  5943 | D:8      | Reached skill level 10 in Unarmed Combat
  5961 | D:8      | Reached **** piety under Okawaru
  6038 | D:8      | Upgraded the game from 0.21-a0-283-g622b906 to 0.21-a0-286-g6fcecc0
  6176 | D:9      | Noticed a troll
  6180 | D:9      | Killed a troll
  6192 | D:9      | Found a shattered altar of Ashenzari.
  6242 | D:9      | Found Ixtomomm's Gadget Shoppe.
  6261 | D:9      | Noticed Joseph
  6272 | D:9      | Killed Joseph
  6272 | D:9      | Reached skill level 5 in Invocations
  6450 | D:9      | Found a staircase to the Lair.
  6516 | D:9      | Reached skill level 11 in Unarmed Combat
  6523 | D:9      | Reached XP level 10. HP: 78/100 MP: 10/12
  6690 | D:9      | Found a staircase to the Orcish Mines.
  6828 | D:9      | Found a hazy altar of Hepliaklqana.
  6829 | D:9      | Found a shimmering altar of Xom.
  7784 | D:10     | Entered Level 10 of the Dungeon
  8014 | D:10     | Reached skill level 12 in Unarmed Combat
  8198 | D:10     | Noticed a gargoyle
  8230 | D:10     | Killed a gargoyle
  8230 | D:10     | Reached ***** piety under Okawaru
  8261 | D:11     | Killed an unseen horror
  8415 | D:10     | Noticed Maurice
  8423 | D:10     | Killed Maurice
  8805 | D:10     | Identified a scroll of acquirement
  8966 | Lair:1   | Entered Level 1 of the Lair of Beasts
  9032 | Lair:1   | Reached skill level 13 in Unarmed Combat
  9219 | Lair:1   | Noticed a spiny frog
  9281 | Lair:1   | Killed a spiny frog
  9281 | Lair:1   | Reached skill level 1 in Shields
  9281 | Lair:1   | Reached XP level 11. HP: 96/111 MP: 9/13
  9724 | Lair:2   | Found a staircase to the Swamp.
  9762 | Lair:2   | Noticed a death yak
  9762 | Lair:2   | Noticed a death yak
  9764 | Lair:2   | Noticed a death yak
  9764 | Lair:2   | Noticed a death yak
  9777 | Lair:2   | Killed a death yak
  9779 | Lair:2   | Killed a death yak
  9779 | Lair:2   | Received a gift from Okawaru
  9786 | Lair:2   | Killed a death yak
  9795 | Lair:2   | Killed a death yak
  9795 | Lair:2   | Reached skill level 5 in Shields
  9804 | Lair:2   | Got a shimmering hat {god gift}
  9822 | Lair:2   | Identified the +0 hat of Gluttony {rF- rN+ rCorr Int+4} (Okawaru gifted it to you on level 2 of the Lair of Beasts)
 10113 | Lair:2   | Found a staircase to the Snake Pit.
 10410 | Lair:2   | Noticed an eight-headed hydra
 10531 | Lair:3   | Noticed a death yak
 10531 | Lair:3   | Reached ****** piety under Okawaru
 10537 | Lair:3   | Killed a death yak
 10672 | Lair:3   | Received a gift from Okawaru
 10672 | Lair:3   | Reached XP level 12. HP: 120/120 MP: 14/14
 10675 | Lair:3   | Got a crystal longbow {god gift}
 11048 | Lair:3   | Noticed a catoblepas
 11070 | Lair:3   | Killed a catoblepas
 11201 | Lair:3   | Noticed a four-headed hydra
 11365 | Lair:4   | Received a gift from Okawaru
 11426 | Lair:4   | Found a frozen archway.
 11445 | IceCv    | Entered an ice cave
 11461 | IceCv    | Reached skill level 14 in Unarmed Combat
 12706 | Lair:5   | Found a sacrificial altar of Ru.
 12849 | Lair:5   | Found a dark tunnel.
 12854 | Volcano  | Entered a volcano
 12871 | Volcano  | Noticed a red draconian
 12876 | Volcano  | Killed a red draconian
 12973 | Volcano  | Noticed a centaur warrior
 12976 | Volcano  | Killed a centaur warrior
 13037 | Lair:5   | Reached XP level 13. HP: 130/131 MP: 12/15
 13107 | Lair:5   | Noticed Urug
 13118 | Lair:5   | Killed Urug
 13185 | Lair:5   | Identified the +4 longbow of the Hierophant {speed, MR- Int+2 Dex+4} (Okawaru gifted it to you on level 3 of the Lair of Beasts)
 13606 | Lair:6   | Entered Level 6 of the Lair of Beasts
 13619 | Lair:6   | Reached skill level 15 in Unarmed Combat
 13839 | Lair:6   | Received a gift from Okawaru
 13872 | Lair:6   | Got encrusted storm dragon scales {god gift}
 13948 | Lair:6   | Identified the +1 storm dragon scales of Dim Light {+Inv rElec rCorr} (Okawaru gifted it to you on level 6 of the Lair of Beasts)
 14078 | Lair:6   | Reached skill level 1 in Armour
 14081 | Lair:6   | Reached skill level 10 in Fighting
 14295 | Lair:6   | Found a viscous altar of Jiyva.
 14296 | Lair:6   | Found a staircase to the Slime Pits.
 14580 | Lair:6   | Noticed a dire elephant
 14580 | Lair:6   | Noticed a dire elephant
 14594 | Lair:6   | Killed a dire elephant
 14596 | Lair:6   | Noticed a dire elephant
 14611 | Lair:6   | Killed a dire elephant
 14611 | Lair:6   | Reached skill level 16 in Unarmed Combat
 14617 | Lair:6   | Killed a dire elephant
 14617 | Lair:6   | Received a gift from Okawaru
 14857 | Lair:6   | Got a clouded bone ring
 14863 | Lair:6   | Identified the ring of Geykkarch {Ice +Fly rElec rPois} (You found it on level 6 of the Lair of Beasts)
 14905 | Lair:6   | Noticed a dire elephant
 14915 | Lair:6   | Killed a dire elephant
 14916 | Lair:6   | Noticed a dire elephant
 14925 | Lair:6   | Killed a dire elephant
 14947 | Lair:6   | Noticed a dire elephant
 14954 | Lair:6   | Killed a dire elephant
 15056 | Lair:6   | Reached XP level 14. HP: 144/144 MP: 14/16
 15286 | Orc:1    | Entered Level 1 of the Orcish Mines
 15457 | Orc:1    | Found Uxorir's Armour Shop.
 15572 | Orc:1    | Found a roughly hewn altar of Beogh.
 15824 | Orc:2    | Entered Level 2 of the Orcish Mines
 15824 | Orc:2    | Found Ityth's Antique Weapon Boutique.
 15824 | Orc:2    | Noticed an orc warlord
 15848 | Orc:2    | Killed an orc warlord
 16339 | Orc:2    | Noticed Sonja
 16391 | Orc:2    | HP: 10/216 [orc priest/divine providence (12)]
 16394 | Orc:2    | Killed from afar by an orc priest

Vault maps used:
D:1:      co_arrival_square_in_a_square_in_a_square
D:2:      grunt_temple_overflow_open, zin_scriptorium, serial_curves,
          eino_curves_01, eino_curves_02
D:3:      marbit_many_paths, trog_wizard
D:4:      minmay_temple_entry_glassed_door, serial_shops, shop, first_bread
D:5:      uniq_eustachio
D:6:      uniq_duvessa, uniq_menkaure, uniq_edmund
D:7:      gammafunk_temple_overflow_statue, serial_shops,
          nicolae_shop_behind_doors, serial_co_window_serial,
          co_window_corner_a, co_window_cross_1, co_window_corner_a,
          co_window_paths_a, co_window_paths_a, co_window_2corner,
          co_window_corner_b, co_window_2corner, co_window_4corner_b, the_bakery
D:8:      lemuel_doored_altar, kennysheep_dice
D:9:      regret_index_temple_of_mockery, ashenzari_conservatory_becter,
          david_lair_generic, hiddenorc2_lemuel, serial_shops, shop, uniq_joseph
D:10:     hangedman_abyss_or_decor_stagger, uniq_maurice
D:11:     serial_shops, shop, minmay_variable_closet, xom_confusion_cloud
Temple:   minmay_temple_forest_path
Lair:1:   st_stairs_13, serial_bayou_pond_c, infiniplex_staircase_pool_2
Lair:2:   minmay_swamp_entry_worms, guppyfry_snake_entry_island, minmay_holes
Lair:4:   portal_ice_cave_entry_imps
Lair:5:   basic_altar, enter_volcano_4, lemuel_fruit_fields,
          infiniplex_staircase_pool, lemuel_fruit_tree, uniq_urug
Lair:6:   due_jungle_book, slime_altar_1
Orc:1:    serial_shops, nicolae_shop_stone, basic_altar
Orc:2:    grunt_orc_gardens, grunt_orc_garden, grunt_orc_garden,
          grunt_orc_garden, grunt_orc_garden, uniq_sonja, uniq_donald
IceCv:    ice_cave_statue_garden_chambered
Volcano:  volcano_pools

Skill      XL: |  1  2  3  4  5  6  7  8  9 10 11 12 13 14 |
---------------+-------------------------------------------+-----
Unarmed Combat | 4 5 6 7 9 11 13 14 16 | 16.8
Fighting       | 3 4 5 6 8 9 10 | 10.6
Invocations    | 2 3 5 |  5.0
Shields        | 1 8 9 |  9.9
Armour         | 3 4 |  4.4
Dodging        | |  2.4
Stealth        | |  1.0

Action                   |  1- 3 |  4- 6 |  7- 9 | 10-12 | 13-15 || total
-------------------------+-------+-------+-------+-------+-------++-------
Melee: Unarmed           |   100 |   110 |   227 |   534 |   472 ||  1443
       Punch             |     3 |     5 |     8 |     7 |       ||    23
Throw: Stone             |       |     2 |       |     1 |       ||     3
Invok: Heroism           |       |     1 |    13 |    24 |    15 ||    53
       Finesse           |       |       |       |     1 |     2 ||     3
Evoke: Wand              |       |       |       |       |     1 ||     1
  Use: Scroll            |     5 |     5 |     4 |    17 |     7 ||    38
       Potion            |       |       |     4 |     3 |     8 ||    15
 Stab: Sleeping          |     4 |     3 |     4 |     8 |       ||    19
       Distracted        |       |       |     1 |     2 |       ||     3
       Invisible         |       |       |       |     7 |       ||     7
       Petrified         |       |       |       |     3 |       ||     3
  Eat: Chunk             |    13 |    18 |    33 |    64 |    26 ||   154
Armor: Robe              |    40 |    50 |    64 |       |       ||   154
       Troll leather arm |       |       |     7 |   174 |    32 ||   213
       Storm dragon scal |       |       |       |       |   154 ||   154
Dodge: Dodged            |    65 |    57 |   119 |   190 |   147 ||   578
Block: Shield            |       |       |       |   138 |   297 ||   435

Table legend:
 A = Spawn XP
 B = Non-spawn XP
 C = Spawn XP percentage of total XP
 D = Spawn monster count
 E = Non-spawn monster count
 F = Spawn count percentage of total count
 G = Total turns spent on level
                    A         B        C        D         E        F      G
               +---------+---------+-------+---------+---------+-------+---------
         Total |       0 |   79278 |   0.0 |       0 |     486 |   0.0 | 16394
               +---------+---------+-------+---------+---------+-------+---------
           D:1 |       0 |      11 |   0.0 |       0 |       5 |   0.0 |   453
           D:2 |       0 |      65 |   0.0 |       0 |      24 |   0.0 |   591
           D:3 |       0 |     181 |   0.0 |       0 |      30 |   0.0 |  1051
           D:4 |       0 |     287 |   0.0 |       0 |      12 |   0.0 |   693
           D:5 |       0 |     370 |   0.0 |       0 |       6 |   0.0 |   416
           D:6 |       0 |     961 |   0.0 |       0 |      14 |   0.0 |   781
           D:7 |       0 |    1535 |   0.0 |       0 |      44 |   0.0 |  1279
           D:8 |       0 |     584 |   0.0 |       0 |      11 |   0.0 |   603
           D:9 |       0 |    3261 |   0.0 |       0 |      57 |   0.0 |  1676
          D:10 |       0 |    2976 |   0.0 |       0 |      36 |   0.0 |  1042
        Lair:1 |       0 |    1561 |   0.0 |       0 |       8 |   0.0 |   777
        Lair:2 |       0 |    7987 |   0.0 |       0 |      26 |   0.0 |   838
        Lair:3 |       0 |    6709 |   0.0 |       0 |      22 |   0.0 |   815
        Lair:4 |       0 |    5522 |   0.0 |       0 |      30 |   0.0 |  1246
        Lair:5 |       0 |    3604 |   0.0 |       0 |      15 |   0.0 |   827
        Lair:6 |       0 |   24302 |   0.0 |       0 |      56 |   0.0 |  1472
         Orc:1 |       0 |    4213 |   0.0 |       0 |      48 |   0.0 |   929
         Orc:2 |       0 |    8733 |   0.0 |       0 |      24 |   0.0 |   179
         IceCv |       0 |    3195 |   0.0 |       0 |      11 |   0.0 |   183
       Volcano |       0 |    3221 |   0.0 |       0 |       7 |   0.0 |   144
               +---------+---------+-------+---------+---------+-------+---------
